Map: 어스름 탑

Players

llllllllllll (Scarlett) - Winner!

  • Race: Zerg Zerg
  • League: Grandmaster

lllllll

  • Race: Zerg Zerg
  • League: Grandmaster

VOD

Have the link to the VOD?

Description

Time

  • Played on: April 10, 2016, 10:06 a.m.
  • Length: 10:28
Show
View Real Time Build Order
Export as new Build Order

llllllllllll Zerg - Winner!

Build Orders: Hatch First 

Get SALT Encoding   

  12  0:02  Drone  
  13  0:08  Drone  
  14  0:19  Overlord  
  14  0:22  Extractor  
  14  0:23  Drone  
  15  0:38  Drone x2  
  17  0:52  Hatchery  
  17  0:56  Drone  
  17  0:59  Drone  
  18  1:12  Spawning Pool  
  18  1:13  Extractor  
  16  1:19  Drone  
  16  1:23  Drone  
  18  1:29  Drone  
  19  1:41  Overlord  
  19  1:52  Drone  
  20  2:01  Queen  
  20  2:02  Zergling x2  
  20  2:04  Queen, Drone  
  26  2:11  Drone  
  26  2:14  Metabolic Boost  
  27  2:18  Drone  
  27  2:22  Drone  
  29  2:28  Drone  
  30  2:37  Drone x2  
  30  2:39  Queen  
  34  2:48  Hatchery  
  32  2:55  Zergling x2, Baneling Nest  
  32  3:00  Overlord  
  32  3:03  Zergling x2  
  33  3:07  Zergling x4  
  35  3:24  Zergling x14  
  42  3:40  Overlord  
  42  3:44  Baneling x5  
  42  3:52  Zergling x6  
  44  3:58  Overlord x2  
  44  4:04  Drone x6  
  50  4:13  Lair  
  50  4:19  Drone  
  50  4:20  Drone x2  
  50  4:23  Extractor  
  51  4:25  Extractor  
  51  4:26  Drone x2  
  52  4:36  Drone x4  
  56  4:45  Baneling  
  56  4:54  Drone x10  
  66  5:01  Queen  
  67  5:10  Extractor, Drone x5  
  69  5:14  Spire  
  69  5:17  Overseer  
  68  5:22  Drone x2  
  68  5:25  Drone  
  70  5:43  Drone  
  70  5:44  Overlord x3, Drone x2  
  70  5:47  Extractor x2  
  70  5:55  Drone x2  
  70  5:56  Drone x2  
  74  5:57  Overlord x2  
  74  5:58  Baneling x2  
  74  6:06  Overlord, Drone x10  
  84  6:22  Overlord  
  84  6:23  Overlord  
  83  6:28  Mutalisk x5  
  93  6:34  Zerg Flyer Weapons Level 1  
  93  6:35  Drone x5  
  98  6:46  Mutalisk x3  
  104  7:01  Mutalisk x4  
  104  7:05  Hatchery  
  111  7:12  Mutalisk x2  
  111  7:14  Zergling x12  
  120  7:17  Overlord  
  120  7:32  Mutalisk x3  
  116  7:44  Mutalisk x2  
  116  7:46  Zergling x6  
  116  7:47  Zergling x12  
  128  7:58  Mutalisk x2  
  128  8:00  Extractor, Zergling x4  
  120  8:14  Mutalisk x3  
  122  8:21  Overlord  
  122  8:22  Overlord x5  
  122  8:27  Extractor  
  122  8:29  Zerg Flyer Armor Level 1  
  121  8:35  Overlord, Mutalisk x2  
  121  8:37  Spore Crawler  
  121  8:39  Hatchery  
  121  8:41  Zergling x20  
  126  8:46  Spore Crawler  
  132  8:53  Mutalisk  
  132  8:54  Mutalisk x2  
  132  8:55  Overlord x2  
  138  8:56  Queen  
  138  8:57  Queen  
  142  9:03  Mutalisk x2  
  142  9:05  Zergling x16  
  153  9:12  Extractor  
  145  9:21  Mutalisk  
  145  9:22  Mutalisk x3  
  153  9:25  Drone  
  153  9:26  Drone x4  
  152  9:38  Hatchery  
  152  9:40  Zergling x18  
  152  9:41  Zergling x2  
  151  9:53  Mutalisk x4  
  151  10:01  Mutalisk  
  151  10:02  Mutalisk x4  
Show
View Real Time Build Order
Export as new Build Order

lllllll Zerg 

Build Orders: Hatch First 

Get SALT Encoding   

  12  0:00  Drone  
  13  0:12  Overlord  
  13  0:17  Drone  
  14  0:32  Drone x2  
  14  0:35  Drone  
  17  0:52  Hatchery  
  17  0:55  Drone  
  17  0:57  Drone  
  18  1:07  Extractor  
  17  1:14  Spawning Pool  
  17  1:16  Drone  
  17  1:19  Drone  
  18  1:28  Drone  
  19  1:38  Overlord  
  19  1:50  Drone  
  20  2:00  Queen  
  20  2:01  Zergling x2  
  23  2:04  Queen, Drone  
  23  2:08  Metabolic Boost  
  26  2:11  Drone  
  26  2:15  Drone  
  28  2:23  Drone  
  28  2:25  Drone  
  28  2:29  Baneling Nest  
  29  2:33  Drone  
  30  2:45  Hatchery  
  30  2:50  Overlord  
  30  2:51  Drone  
  29  2:53  Zergling x2  
  29  2:56  Drone  
  32  2:58  Drone  
  32  3:09  Zergling x2  
  32  3:10  Zergling x8  
  37  3:13  Zergling x2, Drone  
  37  3:15  Zergling x2  
  40  3:25  Overlord  
  40  3:26  Zergling x2  
  41  3:33  Zergling x4  
  43  3:43  Zergling x2  
  43  3:47  Zergling x8  
  46  3:53  Lair  
  46  3:54  Overlord  
  43  3:57  Extractor  
  43  3:58  Queen, Baneling x2  
  43  3:59  Drone  
  43  4:01  Drone  
  43  4:02  Drone  
  46  4:11  Drone x3  
  46  4:12  Drone  
  50  4:17  Baneling  
  50  4:19  Drone x2  
  50  4:21  Drone  
  50  4:22  Drone  
  50  4:23  Extractor, Drone  
  50  4:24  Drone  
  54  4:30  Overlord  
  54  4:32  Drone  
  54  4:35  Drone x2  
  57  4:39  Drone x2  
  57  4:44  Overlord  
  59  4:46  Drone  
  59  4:47  Drone  
  59  4:51  Drone  
  59  4:52  Drone x2  
  63  4:59  Spire  
  62  5:00  Zergling x4  
  62  5:02  Zergling x2  
  62  5:05  Zergling x2  
  62  5:06  Zergling x2  
  66  5:08  Zergling x4  
  66  5:13  Extractor, Zergling x4  
  66  5:14  Extractor, Drone  
  64  5:17  Extractor  
  64  5:19  Zergling x4  
  64  5:20  Baneling x3  
  64  5:23  Drone  
  64  5:25  Drone  
  64  5:26  Baneling x2, Drone  
  67  5:33  Overlord  
  67  5:34  Drone  
  65  5:45  Overlord  
  65  5:46  Drone x2  
  65  5:48  Zergling x10  
  65  5:49  Zergling x2  
  70  5:50  Drone  
  70  5:51  Drone  
  70  5:54  Overseer  
  71  5:57  Overlord x2  
  71  6:00  Drone  
  72  6:08  Drone  
  73  6:13  Mutalisk  
  73  6:14  Mutalisk x2  
  73  6:16  Mutalisk  
  80  6:28  Mutalisk  
  80  6:29  Mutalisk x3  
  80  6:30  Overlord  
  80  6:32  Drone x2  
  87  6:40  Mutalisk  
  87  6:41  Mutalisk  
  87  6:46  Overlord  
  90  6:47  Mutalisk  
  90  6:48  Drone x2  
  94  6:54  Mutalisk  
  94  6:59  Mutalisk  
  94  7:00  Drone  
  96  7:04  Drone x3  
  98  7:10  Hatchery, Zerg Flyer Armor Level 1  
  98  7:11  Overlord  
  98  7:12  Overlord  
  97  7:16  Overlord  
  97  7:17  Zergling x6  
  97  7:22  Zergling x2  
  101  7:23  Zergling x2  
  101  7:24  Zergling x6  
  101  7:26  Zergling x2  
  106  7:34  Zergling x6  
  106  7:35  Zergling x6  
  112  7:38  Zergling x6  
  112  7:43  Mutalisk  
  112  7:44  Mutalisk  
  113  7:48  Mutalisk  
  113  7:49  Mutalisk  
  113  7:50  Mutalisk  
  122  7:54  Mutalisk  
  122  7:55  Mutalisk  
  126  7:59  Overlord  
  126  8:00  Mutalisk  
  126  8:04  Hatchery  
  126  8:05  Mutalisk  
  126  8:10  Mutalisk  
  126  8:12  Zergling x4  
  114  8:13  Zergling x2  
  114  8:16  Mutalisk  
  114  8:18  Drone x4  
  114  8:19  Drone  
  113  8:23  Mutalisk  
  113  8:25  Zergling x2  
  113  8:26  Zergling x4  
  118  8:30  Mutalisk  
  118  8:33  Overlord x2  
  118  8:34  Extractor  
  119  8:35  Mutalisk  
  119  8:37  Extractor  
  120  8:41  Zergling x6, Mutalisk  
  125  8:49  Mutalisk  
  127  8:58  Overlord, Mutalisk  
  127  8:59  Mutalisk  
  127  9:00  Drone  
  127  9:01  Drone x4  
  136  9:06  Zergling x2  
  137  9:13  Mutalisk x2  
  137  9:14  Zergling x4  
  133  9:19  Mutalisk  
  133  9:23  Drone x3  
  133  9:24  Drone  
  133  9:27  Mutalisk  
  133  9:28  Zergling x2  
  133  9:29  Zergling x4, Mutalisk  
  133  9:30  Queen  
  141  9:32  Spore Crawler  
  141  9:35  Mutalisk  
  141  9:38  Mutalisk  
  132  9:39  Zergling x4  
Tags
 
Add a new tag
Caveats
  • Supply blocks, unpowered buildings, or Contaminate may cause inaccurate times.
  • Supply counts are checked every 10 seconds.